 Dungeon Crawl Stone Soup version 0.17-a0-2073-gde5cdba (webtiles) character file.

835 Ohli the Covered (level 7, 0/48 HPs)
             Began as a High Elf Fighter on Oct 15, 2015.
             Succumbed to Edmund's poison
             ... on level 5 of the Dungeon.
             The game lasted 00:20:29 (3539 turns).

Ohli the Covered (High Elf Fighter)                 Turns: 3539, Time: 00:20:30

Health: 0/48       AC: 16    Str: 20    XL:     7   Next: 66%
Magic:  8/8        EV:  5    Int: 11    God:
Gold:   223        SH: 10    Dex: 18    Spells: 0 memorised, 6 levels left

rFire  . . .     SeeInvis .     a - +0 rapier
rCold  . . .     Clarity  .     h - +0 plate armour (curse)
rNeg   . . .     SustAt   .     c - +0 shield
rPois  .         Gourm    .     F - +2 helmet
rElec  .         Spirit   .     (no cloak)
rCorr  .         Warding  .     t - +0 pair of gloves
rMut   .         Stasis   .     (no boots)
MR     .....                    (no amulet)
Stlth  ..........               (no ring)
                                (no ring)

@: mighty, lethally poisoned (0 -> -46), not resistant to hostile enchantments,
extremely unstealthy
A: no striking features
a: no special abilities


You were on level 5 of the Dungeon.
You were not hungry.

You visited 1 branch of the dungeon, and saw 5 of its levels.

You collected 223 gold pieces.

Inventory:

Hand Weapons
 a - a +0 rapier (weapon)
 m - a +4 hunting sling
 H - a +1 scythe of flaming
Missiles
 i - 3 tomahawks (quivered)
 k - 3 steel sling bullets
 z - 27 sling bullets
 A - 20 sling bullets of frost
Armour
 b - a +0 scale mail
 c - a +0 shield (worn)
 h - a cursed +0 plate armour (worn)
 t - a +0 pair of gloves (worn)
 F - a +2 helmet (worn)
Wands
 y - a wand of paralysis (8)
 D - a wand of cold (5)
 G - a wand of slowing (18)
 J - a wand of flame (28)
Scrolls
 f - a scroll of immolation {unknown}
 g - a scroll of magic mapping {unknown}
 j - 2 scrolls of fear {unknown}
 l - 4 scrolls of remove curse {unknown}
 o - 2 scrolls of recharging {unknown}
 p - a scroll of enchant weapon {unknown}
 r - 4 scrolls of identify {unknown}
 w - a scroll of enchant armour {unknown}
 C - 2 scrolls of teleportation {unknown}
Potions
 d - 4 potions of might
 n - 2 potions of agility {unknown}
 q - a potion of invisibility {unknown}
 u - a potion of flight {unknown}
 x - 2 potions of curing {unknown}
Comestibles
 e - 3 bread rations
 s - a slice of pizza
 v - 3 meat rations
 I - 5 fruits


   Skills:
 + Level 4.2 Fighting
 - Level 3.5 Short Blades
 - Level 2.0(2.4) Slings
 + Level 2.1(2.7) Throwing
 * Level 4.8 Armour
 * Level 2.8 Dodging
 + Level 0.8 Stealth
 + Level 4.6 Shields


You had 6 spell levels left.
You didn't know any spells.

Dungeon Overview and Level Annotations

Branches:
Dungeon (5/15)
 Temple: D:4-7

Altars:
Ashenzari

Shops:
D:4 %


Message History

You hit Edmund but do no damage.
Edmund is almost dead.
* * * LOW HITPOINT WARNING * * *
You feel very sick. Edmund hits you but does no damage.
You are more poisoned.
You feel very mighty all of a sudden.
* * * LOW HITPOINT WARNING * * *
You feel very sick. Edmund hits you but does no damage.
You are more poisoned.
You closely miss Edmund.
Edmund is almost dead.
* * * LOW HITPOINT WARNING * * *
You feel very sick. You block Edmund's attack.
You puncture Edmund!
You kill Edmund!
Your Throwing skill increases to level 2!
You die...

#....
#....
#....##
.......
.......
.......
.......##
......)@#
###..(.##
....(..
.......
.......
...#...
...#...
.. #...


There were no monsters in sight!

Vanquished Creatures
  Sigmund (D:4)
  Edmund (D:5)
  3 ogres (D:4)
  2 hounds (D:4)
  An iguana (D:4)
  3 orc wizards
  4 adders
  An ooze (D:2)
  2 worms
  3 giant geckos
  10 orcs
  8 giant cockroaches
  13 hobgoblins
  13 kobolds
  3 ball pythons
  6 bats
  4 giant newts
  6 goblins
  A quokka (D:3)
  6 rats
91 creatures vanquished.

Notes
Turn   | Place    | Note
--------------------------------------------------------------
     0 | D:1      | Ohli the High Elf Fighter began the quest for the Orb.
     0 | D:1      | Reached XP level 1. HP: 16/16 MP: 2/2
    90 | D:1      | Reached XP level 2. HP: 17/21 MP: 3/3
   612 | D:2      | Reached XP level 3. HP: 22/26 MP: 4/4
  1379 | D:3      | Reached skill level 1 in Throwing
  1379 | D:3      | Reached XP level 4. HP: 23/31 MP: 5/5
  1689 | D:3      | Found a shattered altar of Ashenzari.
  1823 | D:4      | Reached XP level 5. HP: 36/36 MP: 6/6
  1931 | D:4      | Noticed an ogre
  2008 | D:3      | Reached skill level 1 in Slings
  2112 | D:4      | Noticed Sigmund
  2149 | D:4      | Killed Sigmund
  2149 | D:4      | Reached skill level 1 in Dodging
  2149 | D:4      | Reached XP level 6. HP: 9/43 MP: 7/7
  2593 | D:4      | Noticed an ogre
  2607 | D:4      | Killed an ogre
  2607 | D:4      | Reached skill level 4 in Fighting
  2719 | D:4      | Found Pischeru's Food Emporium.
  2811 | D:4      | Killed an ogre
  2811 | D:4      | Reached XP level 7. HP: 14/48 MP: 8/8
  3513 | D:5      | Entered Level 5 of the Dungeon
  3513 | D:5      | Noticed Edmund
  3539 | D:5      | Killed Edmund
  3539 | D:5      | Succumbed to Edmund's poison

Vault maps used:
D:1:      lightli_arrival_statue_moat
D:3:      ashenzari_altar_1
D:4:      first_bread, serial_shops, shop, uniq_sigmund
D:5:      uniq_edmund, uniq_menkaure, uniq_eustachio, uniq_prince_ribbit1,
          uniq_grinder

Action                   |  1- 3 |  4- 6 |  7- 9 || total
-------------------------+-------+-------+-------++-------
Melee: Rapier            |   168 |   110 |    46 ||   324
 Fire: Hunting sling     |     4 |    42 |       ||    46
Throw: Tomahawk          |    34 |    15 |     9 ||    58
  Use: Potion            |       |       |     2 ||     2
  Eat: Chunk             |     2 |     3 |     2 ||     7
       Beef jerky        |       |     1 |       ||     1
